Map: Inside and Out

Players

llllllllllll

  • Race: Protoss Protoss
  • League: Grandmaster
  • Spawn Location: 1:00

Solar - Winner!

  • Race: Zerg Zerg
  • League: Master
  • Spawn Location: 7:00

VOD

Have the link to the VOD?

Description

Time

  • Played on: Oct. 22, 2022, 6:11 a.m.
  • Length: 2:49
Show
View Real Time Build Order
Export as new Build Order

llllllllllll Protoss 

Build Orders: Cannon Rush 

Get SALT Encoding   

  12  0:00  Probe  
  13  0:12  Probe  
  14  0:17  Pylon  
  14  0:24  Probe  
  15  0:36  Forge  
  16  0:53  Pylon  
  16  0:54  Pylon  
  15  0:57  Pylon  
  15  1:11  Gateway  
  15  1:14  Pylon  
  15  1:15  Photon Cannon  
  16  1:18  Probe  
  16  1:31  Gateway  
  16  1:38  Photon Cannon  
  16  1:53  Photon Cannon  
  15  1:58  Photon Cannon  
  15  2:09  Photon Cannon  
  15  2:18  Photon Cannon  
  15  2:24  Zealot (Chrono Boost), Probe  
  18  2:37  Probe, Photon Cannon  
Show
View Real Time Build Order
Export as new Build Order

Solar Zerg - Winner!

Build Orders: Hatch First 

Get SALT Encoding   

  12  0:00  Drone  
  13  0:12  Overlord  
  13  0:17  Drone  
  14  0:31  Drone x2  
  16  0:47  Hatchery  
  15  0:51  Drone  
  15  0:55  Drone  
  17  1:00  Drone  
  18  1:20  Spawning Pool  
  18  1:25  Drone  
  18  1:33  Drone  
  19  1:45  Drone  
  19  1:50  Drone x2  
  17  2:04  Drone  
  17  2:05  Drone  
  18  2:14  Zergling x2  
  18  2:21  Zergling x2  
  19  2:27  Zergling x2  
  19  2:34  Drone  
Tags
 
Add a new tag
Caveats
  • Supply blocks, unpowered buildings, or Contaminate may cause inaccurate times.
  • Supply counts are checked every 10 seconds.